 Dungeon Crawl Stone Soup version 0.29.1-15-g9cfb28693d (webtiles) character file.

Game seed: 15445064003675836601

289 tizbic2 the Trooper (level 6, -10/47 HPs)
             Began as a Minotaur Chaos Knight on Apr 27, 2023.
             Was a Plaything of Xom.
             Killed by divine providence
             ... invoked by an orc priest
              (13 damage)
             ... on level 4 of the Dungeon.
             The game lasted 00:15:16 (3301 turns).

tizbic2 the Trooper (Minotaur Chaos Knight)         Turns: 3301, Time: 00:15:18

Health: -10/47     AC:  5    Str: 17      XL:     6   Next: 9%
Magic:  14/14      EV: 11    Int: 10 (11) God:    Xom [....*.]
Gold:   127        SH:  0    Dex:  7      Spells: 5/5 levels left

rFire   . . .      SeeInvis .   d - +0 spear (chaos)
rCold   . . .      Faith    .   (no shield)
rNeg    . . .      Spirit   .   b - +2 leather armour
rPois   .          Reflect  .   (helmet restricted)
rElec   .          Harm     .   (no cloak)
rCorr   .          Rampage  .   (no gloves)
Will    .....                   (no boots)
Stlth   +.........              v - amulet of regeneration
HPRegen 0.95/turn               y - ring of magical power
MPRegen 0.14/turn               (no ring)

@: unable to read
A: horns 2, retaliatory headbutt, clumsy 1, deterioration 1, frail 1, inability
to read after injury 1
a: Renounce Religion


You were on level 4 of the Dungeon.
You worshipped Xom.
You were a beloved toy of Xom.
You visited 1 branch of the dungeon, and saw 4 of its levels.

You collected 237 gold pieces.
You spent 110 gold pieces at shops.

Inventory:

Hand Weapons
 d - a +0 spear of chaos (weapon)
 e - the +4 dagger of Kurph {vorpal, rElec Dex+2}
   (You found it on level 4 of the Dungeon)

   It inflicts extra damage upon your enemies.
   Dex:       It affects your dexterity (+2).
   rElec:     It insulates you from electricity.
 i - a +1 dagger of venom
 r - a +3 hand axe
 w - a +1 vorpal sling
 z - a +0 whip of flaming
Missiles
 u - a throwing net
 B - 11 poisoned darts
Armour
 b - a +2 leather armour (worn)
 q - a +0 scale mail
 x - a +0 ring mail
Magical Staves
 a - a staff of poison
Jewellery
 v - an amulet of regeneration (around neck)
 y - a ring of magical power (left hand)
Wands
 p - a wand of iceblast (10)
Scrolls
 f - a scroll of silence
 g - 2 scrolls of noise {unknown}
 h - 2 scrolls of enchant weapon {unknown}
 k - a scroll of enchant armour {unknown}
 l - a scroll of butterflies {unknown}
 m - a scroll of torment {unknown}
 s - a scroll of immolation
 t - a scroll of blinking {unknown}
 A - a scroll of identify
 C - a scroll of acquirement {unknown}
Potions
 j - a potion of cancellation
 n - a potion of curing
 o - a potion of flight
Miscellaneous
 c - a piece from Xom's chessboard (12/15) (quivered)


   Skills:
 + Level 4.7 Fighting
 + Level 4.7(5.0) Polearms
 * Level 2.6(4.0) Staves
 + Level 3.7 Armour
 - Level 2.0 Dodging
 + Level 1.4 Poison Magic
 + Level 1.6 Evocations


You had 5 spell levels left.
You didn't know any spells.
Your spell library contained the following spells:

 Spells                   Type           Power      Damage    Failure   Level
 Ozocubu's Armour         Ice            0%         N/A       80%         3
 Metabolic Englaciation   Hex/Ice        0%         N/A       100%        5
 Simulacrum               Ice/Necr       0%         N/A       100%        6


Dungeon Overview and Level Annotations

Branches:
Dungeon (4/15)
 Temple: D:4-7

Altars:
Ashenzari
Uskayaw
Xom

Shops:
D:1 *   D:3 :


Innate Abilities, Weirdness & Mutations

You have a pair of horns on your head.
You reflexively headbutt those who attack you in melee.
You are clumsy. (Dex -2)
Your body sometimes deteriorates upon taking damage.
You are frail. (-10% HP)
You occasionally lose the ability to read scrolls when taking damage.


Message History

A shower of butterflies erupts from you!
You puncture the hound!
The hound is poisoned.
The hound is heavily wounded.
The hound barely misses you. You furiously retaliate!
You headbutt the hound, but do no damage.
You hit the orc priest.
The orc priest seems to grow stronger.
You headbutt the orc priest.
You punch the orc priest, but do no damage.
The orc priest is severely wounded.
The hound misses you.
You hit the orc priest but do no damage.
The orc priest is poisoned.
Your headbutt misses the orc priest.
The orc priest is severely wounded.
The hound bites you but does no damage. The orc priest hits you with a +0 club!
The orc priest hits you with a +0 mace!
You hit the orc priest but do no damage.
The orc priest flickers and vanishes!
Deactivating autopickup; reactivate with Ctrl-A.
The hound barely misses you. The hound bites you.
You feel better. Something hits you.
The orc priest hits you but does no damage.
The hound bites you.
You hit something but do no damage. Your headbutt misses something.
You hear something invoke the aid of Beogh against you.
Pain shoots through your body!
You feel threatened and lose the ability to read scrolls!
* * * LOW HITPOINT WARNING * * *
The orc priest hits you but does no damage.
The hound bites you but does no damage.
You cannot read scrolls in your current state!
Unknown command.
You hit the orc priest.
The orc priest flickers and vanishes!
The hound bites you.
* * * LOW HITPOINT WARNING * * *
Something hits you.
* * * LOW HITPOINT WARNING * * *
You hear something invoke the aid of Beogh against you.
Beogh smites you!
You die...
Xom guffaws!

##...###...###...###..#
##### #...# ##### #..#
##...###..b###...###..#
##.....##...##.....##..#
#.......#..b#†......#..#
#.......'.b)'.......#..#
#.......#...#.......#..#
##.....##)..##.....##..#
##...###.@{###...###..#
##### #{h.# ##### #..#
#b..###...###..#
#†..##.....##..#
#...#...$...#..#
)...'...h[..#..#
#...#.......#..#
#...##.....##..#
#....##...###..#


You could see a hound (very poisoned).

Vanquished Creatures
  A scorpion (D:4)
  A jelly (D:4)
  A hound (D:4)
  7 adders
  A gnoll (D:4)
  A worm (D:2)
  A dart slug (D:4)
  13 orcs
  4 bats (D:2)
  3 endoplasms
  2 giant cockroaches
  9 goblins
  8 hobgoblins
  6 jackals
  5 kobolds
  3 quokkas
  9 ball pythons
  5 frilled lizards
  3 rats
83 creatures vanquished.

Notes
Turn   | Place    | Note
-------+----------+-------------------------------------------
     0 | D:1      | tizbic2 the Minotaur Chaos Knight began the quest for the
                  | Orb.
     0 | D:1      | Reached XP level 1. HP: 19/19 MP: 0/0
   238 | D:1      | Reached XP level 2. HP: 18/27 MP: 1/1
   536 | D:1      | XOM: confuse monster(s)
   696 | D:1      | Found Itohis's Assorted Antiques.
   908 | D:1      | XOM: scenery: 1 doors close
  1045 | D:2      | XOM: scenery: 2 doors open, 1 doors close
  1050 | D:2      | XOM: noise
  1083 | D:2      | Reached XP level 3. HP: 26/33 MP: 2/2
  1320 | D:2      | XOM: scenery: create altars
  1399 | D:2      | XOM: god gift: 29 gold pieces
  1461 | D:1      | Bought a runed sling for 90 gold pieces
  1461 | D:1      | Bought a scroll labelled PAXOSE ZOKURU for 20 gold pieces
  1578 | D:2      | Reached XP level 4. HP: 38/40 MP: 3/3
  1602 | D:2      | Found a faded altar of an unknown god.
  1746 | D:2      | Reached skill level 1 in Evocations
  2100 | D:3      | Found a broken altar of Ashenzari.
  2107 | D:3      | XOM: smoke on damage
  2122 | D:2      | XOM: give mutations
  2122 | D:2      | Gained mutation: You occasionally lose the ability to read
                  | scrolls when taking damage. [Xom's mischief]
  2122 | D:2      | Gained mutation: Your body sometimes deteriorates upon
                  | taking damage. [Xom's mischief]
  2122 | D:2      | Gained mutation: You are clumsy. (Dex -2) [Xom's mischief]
  2122 | D:2      | Gained mutation: You are frail. (-10% HP) [Xom's mischief]
  2309 | D:3      | Reached skill level 1 in Poison Magic
  2353 | D:3      | Found Jeocro's Book Shoppe.
  2358 | D:3      | Identified the +0 robe of Vehumet, Thieving {rF++ Str-2
                  | Int-4 Stlth+}
  2502 | D:3      | Reached skill level 1 in Staves
  2662 | D:3      | XOM: 2-stop teleportation journey
  2735 | D:3      | XOM: summons 2 hostile demons
  2746 | D:3      | XOM: polymorph crimson imp -> white imp
  2875 | D:3      | Reached XP level 5. HP: 38/42 MP: 4/4
  2901 | D:4      | XOM is BORED!
  2934 | D:4      | Noticed a phantom
  2942 | D:4      | XOM: 9-stop teleportation journey
  2959 | D:4      | Noticed a +0 spear
  2960 | D:4      | Noticed a +0 dagger
  2960 | D:4      | Noticed a +0 spear
  2960 | D:4      | Noticed a +0 short sword
  2961 | D:4      | Noticed a +0 short sword
  2961 | D:4      | Noticed a +0 falchion
  2961 | D:4      | Noticed a +0 falchion
  2962 | D:4      | Noticed a +0 dagger
  2964 | D:4      | Found a hide-covered altar of Uskayaw.
  2999 | D:4      | Identified the +4 dagger of Kurph {vorpal, rElec Dex+2}
  3090 | D:4      | XOM: god gift: glowing inky potion {god gift}
  3209 | D:4      | XOM: cleaving
  3265 | D:4      | Reached XP level 6. HP: 28/47 MP: 5/5
  3290 | D:4      | XOM: polymorph orc -> jackal
  3294 | D:4      | XOM: butterfly on damage
  3301 | D:4      | Killed from afar by an orc priest

Illustrated notes

Levels and vault maps discovered:
D:1:      dpeg_arrival_oval, layout_loops_cross, serial_shops,
          nicolae_shop_behind_doors
D:2:      wander_river, layout_loops_corners, shapermc_ecumenical_altar_venn
D:3:      layout_loops_ring, overflow_temple_1_default, serial_shops,
          nicolae_shop_hallway_plus, chequers_arboretum, due_unseen_surprise
D:4:      kennysheep_six_static_rooms, layout_basic, nicolae_uskayaw_en_pointe

Skill      XL: |  1  2  3  4  5 |
---------------+----------------+-----
Polearms       | 4 |  4.7
Fighting       | 4 |  4.7
Armour         | 3 |  3.7
Dodging        | 2 |  2.0
Evocations     | 1 |  1.6
Poison Magic   | 1 |  1.4
Staves         | 1 2 |  2.6

Action                   |  1- 3 |  4- 6 || total
-------------------------+-------+-------++-------
Melee: Spear             |    50 |    40 ||    90
       Headbutt          |    16 |    14 ||    30
       Staff             |    68 |    60 ||   128
       Dagger            |     4 |    17 ||    21
       Punch             |     1 |     1 ||     2
       Hand axe          |       |     2 ||     2
 Fire: Sling             |     6 |    36 ||    42
Throw: Dart              |     1 |       ||     1
Evoke: Piece from Xom's  |     3 |     4 ||     7
       Wand              |       |     2 ||     2
  Use: Scroll            |       |     5 ||     5
       Potion            |       |     3 ||     3
 Stab: Petrified         |     4 |       ||     4
       Paralysed         |       |     1 ||     1
Armor: Leather armour    |    52 |    22 ||    74
       Scale mail        |       |     9 ||     9
       Skin              |       |     8 ||     8
Dodge: Dodged            |    75 |    69 ||   144
